[Event "The Schackveckan 2023: Göteborg open"]
[Site "Göteborgs schackcentrum, Vegagatan 20, Gothenburg, Sweden"]
[Date "2023.08.11"]
[Round "3.8"]
[White "Svensson, Leif"]
[Black "Andersson, Stig"]
[Result "0-1"]
[TimeControl "15 minutes + 5 seconds per move from move one (Round 1 - 4) / 90 minutes + 30 seconds per move from move one (Round 5 - 8)"]
[WhiteFideId "1702459"]
[BlackFideId "1731971"]
[WhiteElo "2038"]
[BlackElo "1811"]

1. d4 Nf6 2. Nc3 d5 3. Bf4 c6 4. e3 e6 5. Bd3 Bb4 6. Nge2 Nbd7 7. a3 Be7 8. Qd2 Nb6 9. O-O Nc4 10.
Bxc4 dxc4 11. e4 O-O 12. Rad1 b6 13. Qe3 Qe8 14. h3 Bb7 15. Bh2 a6 16. Rfe1 Rc8 17. Nf4 Bd8 18. Qe2 b5 19.
Nh5 Nxh5 20. Qxh5 f6 21. Qg4 Bc7 22. Bxc7 Rxc7 23. d5 cxd5 24. exd5 e5 25. f4 f5 26. Qg5 e4 27. g4 Rcf7 28.
gxf5 Rxf5 29. Rxe4 0-1

[Event "The Schackveckan 2023: Göteborg open"]
[Site "Göteborgs schackcentrum, Vegagatan 20, Gothenburg, Sweden"]
[Date "2023.08.11"]
[Round "3.9"]
[White "Wennerlund, Elias"]
[Black "Krantz, Martin"]
[Result "0-1"]
[TimeControl "15 minutes + 5 seconds per move from move one (Round 1 - 4) / 90 minutes + 30 seconds per move from move one (Round 5 - 8)"]
[WhiteFideId "1742353"]
[BlackFideId "1724100"]
[WhiteElo "1710"]
[BlackElo "2000"]

1. e4 c5 2. b3 Nc6 3. Bb2 d6 4. Bb5 Bd7 5. f4 Nf6 6. Qe2 Nd4 7. Bxd4 cxd4 8. Nf3 Qb6 9. a4 a6 10.
Bxd7+ Nxd7 11. e5 e6 12. Na3 dxe5 13. Nc4 Qc5 14. fxe5 Nb6 15. Nxb6 Qxb6 16. Qc4 Rd8 17. Ng5 Be7 18.
h4 h6 19. Ne4 O-O 20. Qd3 Rd5 21. Qg3 Kh8 22. Rf1 Qa5 23. Kd1 Rxe5 24. Rf4 f5 25. Ng5 Qd8 26. Nf3 Re4 27. Rxe4 fxe4 28.
Ne5 Rf5 29. Ng6+ Kg8 30. Nxe7+ Qxe7 31. Ke2 Qf7 32. Re1 Kh7 33. Kd1 Rf1 34. Ke2 Rxe1+ 35. Kxe1 Qf5 36. Qf2 Qe5 37. Ke2 Qh5+ 38.
Ke1 Qc5 39. Kd1 b5 40. axb5 axb5 41. g3 Qe5 42. Qf4 Qh5+ 43. Ke1 Qd5 44. g4 d3 45. c3 Kg8 46. g5 hxg5 47. hxg5 Qf5 48. Qxf5 exf5 49. c4 bxc4 50. bxc4 Kf7 51. Kf2 Ke6 52. Ke3 Ke5 53. g6 f4+ 54. Kf2 Kd4 0-1

[Event "The Schackveckan 2023: Göteborg open"]
[Site "Göteborgs schackcentrum, Vegagatan 20, Gothenburg, Sweden"]
[Date "2023.08.11"]
[Round "3.10"]
[White "Wesslen, Ulf"]
[Black "Kosmidis, Thomas"]
[Result "1-0"]
[TimeControl "15 minutes + 5 seconds per move from move one (Round 1 - 4) / 90 minutes + 30 seconds per move from move one (Round 5 - 8)"]
[WhiteFideId "1705199"]
[BlackFideId "1753380"]
[WhiteElo "1916"]
[BlackElo "1721"]

1. Nf3 d5 2. g3 Nf6 3. Bg2 c6 4. O-O g6 5. d3 Bg7 6. Nbd2 O-O 7. c4 e6 8. Rb1 Nbd7 9. b4 a6 10.
Qc2 Qc7 11. a4 Re8 12. Bb2 b6 13. Rfc1 Qd6 14. e4 dxe4 15. dxe4 Ng4 16. Rd1 Qc7 17. Bxg7 Kxg7 18. Qc3+ Kg8 19.
Nb3 c5 20. b5 axb5 21. axb5 Bb7 22. Ne1 Ngf6 23. Nd2 Red8 24. Nc2 Qe5 25. Qe3 h5 26. f4 Qc7 27. f5 exf5 28. exf5 Bxg2 29.
Kxg2 Qb7+ 30. Kg1 Re8 31. Qf3 Qc7 32. Nf1 Ne5 33. Qf4 Kg7 34. Nce3 Qe7 35. Re1 Nd3 36. Qg5 Nxe1 37. Rxe1 Ne4 38. Qf4 g5 39. Qf3 g4 40.
Qg2 Ng5 41. Nd2 Rad8 42. Kh1 Rxd2 43. Qxd2 Nf3 44. Qb2+ Qf6 45. Qxf6+ Kxf6 46. Nd5+ Kxf5 47. Rxe8 1-0

[Event "The Schackveckan 2023: Göteborg open"]
[Site "Göteborgs schackcentrum, Vegagatan 20, Gothenburg, Sweden"]
[Date "2023.08.11"]
[Round "3.11"]
[White "Johansson, Roy"]
[Black "Thern, Alfred"]
[Result "1-0"]
[TimeControl "15 minutes + 5 seconds per move from move one (Round 1 - 4) / 90 minutes + 30 seconds per move from move one (Round 5 - 8)"]
[WhiteFideId "1745972"]
[BlackFideId "1775227"]
[WhiteElo "1890"]
[BlackElo "1643"]

1. d4 Nf6 2. Bf4 d5 3. e3 c5 4. c3 Nc6 5. Nd2 e6 6. Bd3 Be7 7. Ngf3 Nh5 8. Bg3 Nxg3 9. hxg3 h6 10. Ne5 Nxe5 11. dxe5 Qc7 12. f4 c4 13. Bc2 Qb6 14. Ba4+ Kf8 15. e4 Qxb2 16.
Qc1 Qb6 17. Ke2 Qa5 18. Bc2 Qxc3 19. Rh3 d4 20. Ba4 Qe3+ 21. Kf1 c3 22. Nf3 Qxe4 23. Qd1 d3 24. Bb5 d2 25. Ng5 Bxg5 26.
fxg5 Qf5+ 27. Kg1 Qxe5 28. Be2 Qe3+ 29. Kh2 c2 30. Qxc2 Qxe2 31. Rd1 Qb5 32. Rxd2 Bd7 33. Qc7 Ke7 34.
Rh4 Rac8 35. Qd6+ Ke8 36. g6 f6 37. Rhd4 Rd8 38. Qc7 Qh5+ 39. Kg1 Qb5 40. Rd6 Ke7 41. Qc3 Qb1+ 42. Kh2 Qxg6 43. Qc5 1-0

[Event "The Schackveckan 2023: Göteborg open"]
[Site "Göteborgs schackcentrum, Vegagatan 20, Gothenburg, Sweden"]
[Date "2023.08.11"]
[Round "3.12"]
[White "Johansson, Jan"]
[Black "Westlund, Tim"]
[Result "0-1"]
[TimeControl "15 minutes + 5 seconds per move from move one (Round 1 - 4) / 90 minutes + 30 seconds per move from move one (Round 5 - 8)"]
[WhiteFideId "1747568"]
[BlackFideId "1754718"]
[WhiteElo "1694"]
[BlackElo "1861"]

1. d4 Nf6 2. Bf4 b6 3. e3 Bb7 4. c3 d6 5. Nf3 Nbd7 6. Nbd2 g6 7. Be2 Bg7 8. h3 O-O 9. O-O Qe8 10. Qc2 e5 11. dxe5 dxe5 12.
Bh2 Nh5 13. Rfe1 f5 14. Ng5 Nc5 15. b4 h6 16. Bc4+ Kh8 17. Nf7+ Rxf7 18. Bxf7 Qxf7 19. bxc5 f4 20. Qb3 Bd5 21.
c4 Bc6 22. Rad1 Qf6 23. cxb6 axb6 24. Qb2 Qg5 25. e4 Rf8 26. Nf3 Qf6 27. Rd3 g5 28. Qe2 Qg6 29. Ra3 Bd7 30. Ra7 g4 31.
hxg4 Bxg4 32. Rxc7 Bf6 33. Rc6 Rg8 34. Nxe5 Bxe2 35. Nxg6+ Rxg6 36. Rxe2 f3 37. Rd2 Rxg2+ 38. Kh1 Bh4 39.
Rd7 Nf6 40. Be5 Rg6 41. Rc8+ Rg8 42. Rcc7 Rg6 43. Rd8+ Rg8 44. Rxg8+ Kxg8 45. Bxf6 Bxf6 46. Kh2 Be5+ 47. Kh3 Bxc7 48.
Kg4 Kg7 49. Kxf3 Kf6 50. Ke3 h5 51.
f4 h4 52. Kf3 h3 53. e5+ Bxe5 54. fxe5+ Kxe5 55. Kg3 Kd4 56. Kxh3 Kxc4 57. Kg3 Kc3 58. Kf3 Kb2 59. Ke2 Kxa2 60. Kd3 Ka3 61. Kc2 b5 62. Kb1 b4 63. Ka1 b3 64.
Kb1 b2 0-1

[Event "The Schackveckan 2023: Göteborg open"]
[Site "Göteborgs schackcentrum, Vegagatan 20, Gothenburg, Sweden"]
[Date "2023.08.11"]
[Round "3.13"]
[White "Havner, Arvid"]
[Black "Buzleta, Patrik"]
[Result "0-1"]
[TimeControl "15 minutes + 5 seconds per move from move one (Round 1 - 4) / 90 minutes + 30 seconds per move from move one (Round 5 - 8)"]
[WhiteFideId "1769308"]
[BlackFideId "1755463"]
[WhiteElo "1825"]
[BlackElo "1604"]

1. e4 e6 2. d4 d6 3. c4 g6 4. Nc3 Bg7 5. Be3 b6 6. Be2 Bb7 7. Qd2 h6 8. Nf3 Nd7 9. a4 a6 10.
a5 Qe7 11. O-O Ngf6 12. d5 Ng4 13. Bd4 e5 14. Be3 bxa5 15. Rxa5 Nxe3 16. Qxe3 O-O 17. Nd2 Qd8 18. b4 f5 19.
Nb3 f4 20. Qd3 h5 21. c5 Bc8 22. Rfa1 Nf6 23. b5 Ng4 24. h3 Nf6 25. cxd6 cxd6 26. bxa6 g5 27. Nb5 g4 28. h4 Nxe4 29. g3 fxg3 30.
fxg3 Qb6+ 31. N3d4 Nf2 32. Qc4 exd4 33. Qc6 Qxc6 34. dxc6 d3 35. Bxd3 Bxa1 36. Bc4+ Kg7 37. Rxa1 Nh3+ 38. Kh1 Rxa6 39. Re1 Rxc6 40.
Re7+ Kf6 41. Rh7 Rxc4 42. Rh6+ Ke7 43. Rh7+ Rf7 44. Rxf7+ Ke6 45. Rf1 Bb7+ 46. Kh2 Rc2+ 47. Rf2 Rxf2# 0-1

[Event "The Schackveckan 2023: Göteborg open"]
[Site "Göteborgs schackcentrum, Vegagatan 20, Gothenburg, Sweden"]
[Date "2023.08.11"]
[Round "3.14"]
[White "Torres, Lucas"]
[Black "Degerfeldt, Sven"]
[Result "0-1"]
[TimeControl "15 minutes + 5 seconds per move from move one (Round 1 - 4) / 90 minutes + 30 seconds per move from move one (Round 5 - 8)"]
[WhiteFideId "1769464"]
[BlackFideId "1717430"]
[WhiteElo "1501"]
[BlackElo "1821"]

1. e4 c5 2. Nc3 e6 3.
Nf3 Nc6 4. Bb5 Qc7 5. O-O d6 6. d4 cxd4 7. Nxd4 Bd7 8. Be3 Nf6 9. f3 Be7 10. Qd2 a6 11. Ba4 O-O 12. Bb3 b5 13.
a4 b4 14. Nce2 Rab8 15. Nxc6 Bxc6 16. Nd4 Bd7 17. Rfd1 Qb7 18. Rac1 Rfd8 19. Qe2 Rbc8 20. Bc4 Ra8 21. b3 e5 22.
Nf5 Bxf5 23. exf5 d5 24. Bd3 a5 25. Bb5 d4 26. Bg5 h6 27. Bh4 Nd5 28. Bxe7 Qxe7 29. Bc6 Nc3 30. Qc4 Rac8 31.
Re1 Rd6 32. Qc5 Rcxc6 33. Qxa5 Nd5 34. f4 e4 35. Rcd1 Ne3 36. Rxd4 Rxd4 37. Qa8+ Kh7 38. Qxc6 Rd1 39. Rxd1 Nxd1 40.
Qc4 Qa7+ 41. Kh1 Nf2+ 42. Kg1 Nh3+ 0-1

[Event "The Schackveckan 2023: Göteborg open"]
[Site "Göteborgs schackcentrum, Vegagatan 20, Gothenburg, Sweden"]
[Date "2023.08.11"]
[Round "3.15"]
[White "Eldh, Hjalmar"]
[Black "Lindholm, Marcus"]
[Result "0-1"]
[TimeControl "15 minutes + 5 seconds per move from move one (Round 1 - 4) / 90 minutes + 30 seconds per move from move one (Round 5 - 8)"]
[WhiteFideId "1767968"]
[BlackFideId "1743473"]
[WhiteElo "1738"]
[BlackElo "1708"]

1. e4 c5 2. Nf3 Nc6 3. Bb5 Nf6 4. e5 Nd5 5. O-O g6 6. Re1 Bg7 7. c3 O-O 8. d4 Nc7 9. Bf1 cxd4 10.
cxd4 d5 11. Nc3 Bg4 12. Be3 Ne6 13. Be2 f6 14. Ng5 Bxe2 15. Nxe6 Bxd1 16. Nxd8 Raxd8 17. exf6 exf6 18. Raxd1 f5 19.
Bg5 Rd7 20. a3 Bxd4 21. Re6 Kg7 22. Rxc6 Bxf2+ 23. Kxf2 bxc6 24. Na4 f4 25. Kf3 h6 26. Bh4 g5 27. Bf2 Re8 28. Nc5 Rde7 29. Rd2 h5 30. h3 Kg6 31. b4 Kf5 32. g4+ fxg3 33. Kxg3 Re2 34.
Rd3 h4+ 35. Kf3 Kg6 36. Be3 Rh2 37. Kg4 Rf8 38. Rd2 Rxd2 39. Bxd2 Rf2 40. Be3 Rg2+ 41. Kf3 Rg3+ 42. Kf2 Rxh3 43. Ne6 Kf5 44. Nd4+ Ke4 45. Nc2 Rh2+ 46.
Kf1 Rxc2 47. Bxa7 Ra2 48. Bc5 Rxa3 49. Be7 Kf3 50. Kg1 g4 51. Bxh4 g3 52. Bf6 Rb3 53. Bb2 Rxb2 54. b5 Rb1# 0-1

[Event "The Schackveckan 2023: Göteborg open"]
[Site "Göteborgs schackcentrum, Vegagatan 20, Gothenburg, Sweden"]
[Date "2023.08.11"]
[Round "3.16"]
[White "Lindhe Nilsson, Filip"]
[Black "Al Saab, Ranny"]
[Result "1/2-1/2"]
[TimeControl "15 minutes + 5 seconds per move from move one (Round 1 - 4) / 90 minutes + 30 seconds per move from move one (Round 5 - 8)"]
[WhiteFideId "1779826"]
[BlackFideId "1768360"]
[WhiteElo "1818"]
[BlackElo "1598"]

1. e4 e5 2. Nc3 Nc6 3. Bc4 Nf6 4. d3 d6 5. f4 Bg4 6. Nf3 Nd4 7. Rf1 Be7 8. Ne2 Nxf3+ 9. gxf3 Bh5 10.
Ng3 Qd7 11. Be3 a6 12. Qd2 exf4 13. Bxf4 Bg6 14. O-O-O O-O-O 15. Be3 d5 16. Bb3 dxe4 17. fxe4 Bd6 18. Qa5 Bxg3 19.
hxg3 Ng4 20. Bf4 Nf6 21. Bg5 Rde8 22. Bxf6 gxf6 23. Rxf6 Qg4 24. Rdf1 Qxg3 25. Bxf7 Bxf7 26. Rxf7 h5 27.
R1f3 Qd6 28. R3f6 Qg3 29. Rf4 Qg1+ 30. Kd2 Qb6 31. Qxb6 cxb6 32. Rh4 Re5 33. Rf5 Rxf5 34. exf5 Kd7 35. Ke3 Ke7 36. Kf4 Kf6 37. d4 Rd8 38. c3 Rh8 39. d5 b5 40. b3 Rc8 41.
Rh3 a5 42. Ke4 Re8+ 43. Kd4 Kxf5 44. Rxh5+ Kf6 45. Rh3 Rc8 46. Re3 b6 47. d6 Kf7 48. Kd5 Rc5+ 49. Kd4 Rc8 50. c4 bxc4 51. bxc4 Kf6 52. Rb3 Rc6 53. Kd5 Rc5+ 54. Kd4 Rc6 55. Kd5 Rc5+ 56. Kd4 Rc6 1/2-1/2

[Event "The Schackveckan 2023: Göteborg open"]
[Site "Göteborgs schackcentrum, Vegagatan 20, Gothenburg, Sweden"]
[Date "2023.08.11"]
[Round "3.17"]
[White "Wengholm, Anders"]
[Black "Bergholtz, Karl"]
[Result "1-0"]
[TimeControl "15 minutes + 5 seconds per move from move one (Round 1 - 4) / 90 minutes + 30 seconds per move from move one (Round 5 - 8)"]
[WhiteFideId "1704818"]
[BlackFideId "1756141"]
[WhiteElo "2155"]
[BlackElo "1521"]

1. Nf3 Nf6 2. c4 c5 3. Nc3 Nc6 4. g3 g6 5. Bg2 Bg7 6. d4 cxd4 7. Nxd4 O-O 8. O-O Qb6 9. Nb3 d6 10. Be3 Qc7 11.
Rc1 a6 12. Nd5 Nxd5 13. cxd5 Bxb2 14. Rc2 Bf5 15. Rxb2 Ne5 16. Nd4 Qd7 17. Nxf5 Qxf5 18. Qb1 b5 19. Qxf5 gxf5 20. Rc2 Nc4 21. Bg5 f6 22. Bh6 Rfc8 23. Bh3 Rc5 24. Bxf5 Kf7 25.
Be6+ Kg6 26. Bc1 a5 27. e4 b4 28. f4 a4 29. Rf3 Rb8 30. Bb2 Nxb2 31. Rxb2 a3 32. Rxa3 bxa3 33. Rxb8 Rc1+ 34.
Kg2 Rc2+ 35. Kh3 Rxa2 36. Rg8+ Kh6 37. Ra8 Ra1 38. Ra7 a2 39. Rxe7 Rh1 40. Bf5 a1=Q 41. Rxh7# 1-0

[Event "The Schackveckan 2023: Göteborg open"]
[Site "Göteborgs schackcentrum, Vegagatan 20, Gothenburg, Sweden"]
[Date "2023.08.11"]
[Round "4.1"]
[White "Ustianovich, Nazar"]
[Black "Olsson, William"]
[Result "1-0"]
[TimeControl "15 minutes + 5 seconds per move from move one (Round 1 - 4) / 90 minutes + 30 seconds per move from move one (Round 5 - 8)"]
[WhiteTitle "FM"]
[BlackTitle "FM"]
[WhiteFideId "14109778"]
[BlackFideId "1741721"]
[WhiteElo "2314"]
[BlackElo "2400"]

1. Nf3 d5 2. e3 Nf6 3. c4 c6 4.
Nc3 e6 5. b3 Nbd7 6. Qc2 Bd6 7. Be2 O-O 8. Bb2 e5 9. cxd5 cxd5 10. Nb5 Bb8 11. Rc1 e4 12. Nfd4 a6 13. Nc7 Bxc7 14.
Qxc7 Qxc7 15. Rxc7 Ne5 16. O-O b5 17. Nxb5 axb5 18. Bxe5 Rxa2 19. Bc3 Be6 20. Bxb5 d4 21. Bxd4 Bxb3 22.
Bxf6 gxf6 23. d4 exd3 24. Bxd3 Rd8 25. Bc4 Bxc4 26. Rxc4 Kg7 27. Rg4+ Kh6 28. g3 f5 29. Rf4 Kg6 30. Rb1 Ra5 31. Rb6+ f6 32. Rc4 Rd1+ 33. Kg2 Rd2 34. Rb7 Raa2 35.
Rf4 Re2 36. Re7 Rab2 37. Rf3 h5 38. Ra7 Rb4 39. Ra5 1-0

[Event "The Schackveckan 2023: Göteborg open"]
[Site "Göteborgs schackcentrum, Vegagatan 20, Gothenburg, Sweden"]
[Date "2023.08.11"]
[Round "4.2"]
[White "Harila, Per"]
[Black "Bjorklund, Thomas"]
[Result "0-1"]
[TimeControl "15 minutes + 5 seconds per move from move one (Round 1 - 4) / 90 minutes + 30 seconds per move from move one (Round 5 - 8)"]
[WhiteFideId "1707248"]
[BlackFideId "1724576"]
[WhiteElo "2016"]
[BlackElo "2139"]

1. d4 d5 2. c4 e6 3. Nc3 Nf6 4. cxd5 exd5 5. Bf4 Bd6 6. Bg5 Be7 7. e3 Bf5 8. Qb3 O-O 9. Qxb7 Nbd7 10. Nf3 Rb8 11. Qxa7 Rxb2 12. Rc1 Ne4 13. Bxe7 Qxe7 14.
Nxe4 dxe4 15. Nd2 Qb4 16. Rd1 Bg4 17. Be2 Bxe2 18. Kxe2 Nb6 19. a3 Qc3 0-1

[Event "The Schackveckan 2023: Göteborg open"]
[Site "Göteborgs schackcentrum, Vegagatan 20, Gothenburg, Sweden"]
[Date "2023.08.11"]
[Round "4.3"]
[White "Yang, Mandi"]
[Black "Eriksson, Kristian"]
[Result "1/2-1/2"]
[TimeControl "15 minutes + 5 seconds per move from move one (Round 1 - 4) / 90 minutes + 30 seconds per move from move one (Round 5 - 8)"]
[WhiteFideId "1774778"]
[BlackFideId "1705172"]
[WhiteElo "1457"]
[BlackElo "2057"]

1. e4 e5 2. Nf3 Nc6 3. c3 Nf6 4.
d4 Nxe4 5. d5 Bc5 6. dxc6 Bxf2+ 7. Ke2 Bb6 8. Qd5 Nf2 9. Rg1 O-O 10. cxb7 Bxb7 11. Qxb7 e4 12. Be3 Bxe3 13. Kxe3 Rb8 14. Qd5 Ng4+ 15. Kf4 Nf6 16.
Qg5 1/2-1/2

[Event "The Schackveckan 2023: Göteborg open"]
[Site "Göteborgs schackcentrum, Vegagatan 20, Gothenburg, Sweden"]
[Date "2023.08.11"]
[Round "4.4"]
[White "Hector, Jonny"]
[Black "Sandberg, Lucas"]
[Result "1-0"]
[TimeControl "15 minutes + 5 seconds per move from move one (Round 1 - 4) / 90 minutes + 30 seconds per move from move one (Round 5 - 8)"]
[WhiteTitle "GM"]
[WhiteFideId "1700090"]
[BlackFideId "1773712"]
[WhiteElo "2466"]
[BlackElo "1311"]

1. Nc3 d5 2. d4 Nf6 3. Bg5 e6 4. e4 dxe4 5. Nxe4 Be7 6. Bxf6 Bxf6 7. Nf3 O-O 8. c3 b6 9. Bd3 Bb7 10. Qc2 Nd7 11. h4 h6 12. g4 Be7 13. g5 h5 14. O-O-O Qc8 15.
Qe2 c5 16. Ne5 g6 17. Rhg1 cxd4 18. Nxd7 Qxd7 19. Nf6+ Bxf6 20. gxf6 Qd5 21. Qd2 Qe5 22. Bxg6 fxg6 23. Rxg6+ Kf7 24. Rg7+ Kxf6 25. Qh6+ 1-0

[Event "The Schackveckan 2023: Göteborg open"]
[Site "Göteborgs schackcentrum, Vegagatan 20, Gothenburg, Sweden"]
[Date "2023.08.11"]
[Round "4.5"]
[White "Westlund, Tim"]
[Black "Bengtsson, Siv"]
[Result "0-1"]
[TimeControl "15 minutes + 5 seconds per move from move one (Round 1 - 4) / 90 minutes + 30 seconds per move from move one (Round 5 - 8)"]
[WhiteFideId "1754718"]
[BlackFideId "1701673"]
[WhiteElo "1861"]
[BlackElo "2010"]

1. e4 c5 2. Nf3 Nc6 3. Bb5 d6 4.
Bxc6+ bxc6 5. d3 e5 6. Nc3 f5 7. Qe2 Nf6 8. Bd2 Be7 9. b3 O-O 10. a4 a5 11. h3 fxe4 12. Nxe4 Nxe4 13.
dxe4 Rb8 14. O-O Be6 15. Qe1 Rxf3 16. gxf3 Bxh3 17. Kh2 Bxf1 18. Qxf1 Bg5 19. Bxg5 Qxg5 20. Qh3 Qf4+ 21. Qg3 Rf8 22. Kg2 Rf6 23. Qh3 h6 24.
Rg1 Kh7 25. Kh1 Qxf3+ 26. Qxf3 Rxf3 27. Rd1 Rf6 28. Kg2 g5 29.
f3 Kg7 30. Kg3 Kf7 31. Rh1 Ke6 32. c4 Kf7 33. Kg4 Kg6 34. Rd1 h5+ 35. Kg3 h4+ 36. Kg2 Kh5 37. Rd3 g4 38. fxg4+ Kxg4 39. Kh2 Kf4 40. Rh3 Kxe4 41.
Rxh4+ Kd3 42. Rh3+ Kd4 43. Kg2 e4 44. Rh1 e3 45. Re1 Kd3 46. b4 cxb4 47. Rc1 e2 48. c5 dxc5 49. Rh1 Kd2 50.
Rh2 e1=Q 51. Kh3+ Kc3 0-1

[Event "The Schackveckan 2023: Göteborg open"]
[Site "Göteborgs schackcentrum, Vegagatan 20, Gothenburg, Sweden"]
[Date "2023.08.11"]
[Round "4.6"]
[White "Krantz, Martin"]
[Black "Johansson, Roy"]
[Result "1-0"]
[TimeControl "15 minutes + 5 seconds per move from move one (Round 1 - 4) / 90 minutes + 30 seconds per move from move one (Round 5 - 8)"]
[WhiteFideId "1724100"]
[BlackFideId "1745972"]
[WhiteElo "2000"]
[BlackElo "1890"]

1. d4 f5 2. Nf3 g6 3. g3 Nf6 4. Bg2 Bg7 5. c4 O-O 6. O-O d6 7. d5 Qe8 8. Nc3 Na6 9. Be3 Bd7 10.
Qd2 c6 11. Bh6 Bxh6 12. Qxh6 e5 13.
dxe6 Bxe6 14. Rad1 d5 15. cxd5 Nxd5 16. Nxd5 cxd5 17. Ng5 Rf7 18. Nxe6 Qxe6 19. Bxd5 Qf6 20. Rd2 Nc5 21. Rfd1 Raf8 22.
Bxf7+ Qxf7 23. b4 Ne4 24. Rd7 1-0

[Event "The Schackveckan 2023: Göteborg open"]
[Site "Göteborgs schackcentrum, Vegagatan 20, Gothenburg, Sweden"]
[Date "2023.08.11"]
[Round "4.7"]
[White "Andersson, Stig"]
[Black "Wesslen, Ulf"]
[Result "1-0"]
[TimeControl "15 minutes + 5 seconds per move from move one (Round 1 - 4) / 90 minutes + 30 seconds per move from move one (Round 5 - 8)"]
[WhiteFideId "1731971"]
[BlackFideId "1705199"]
[WhiteElo "1811"]
[BlackElo "1916"]

1. e4 e6 2. d4 d5 3. Nc3 Bb4 4. e5 c5 5. a3 Bxc3+ 6. bxc3 Qa5 7. Bd2 Qa4 8. Nf3 Nc6 9. Be3 f6 10.
Be2 Qa5 11. Qd2 Qc7 12. exf6 Nxf6 13. Bf4 Qe7 14. Ne5 O-O 15. Bg3 Ne4 16. Qe3 Bd7 17. O-O Rac8 18. Bf3 Nd6 19. dxc5 Nf5 20.
Nxc6 Rxc6 21. Qe5 Nxg3 22. hxg3 Rxc5 23. Rab1 b6 24. Rb4 Rcc8 25. Rd1 Rf5 26. Qe3 Qf6 27. Qd4 Qf8 28. Re1 Re8 29.
Bg4 Rf6 30. Rf1 Bc6 31. Qe5 Qf7 32. Rf4 Rxf4 33. gxf4 Qf6 34. Re1 Bd7 35. g3 Qg6 36. Bh5 Qxc2 37. Bxe8 Bxe8 38. Qxe6+ 1-0

[Event "The Schackveckan 2023: Göteborg open"]
[Site "Göteborgs schackcentrum, Vegagatan 20, Gothenburg, Sweden"]
[Date "2023.08.11"]
[Round "4.8"]
[White "Granath, Jonas"]
[Black "Buzleta, Patrik"]
[Result "0-1"]
[TimeControl "15 minutes + 5 seconds per move from move one (Round 1 - 4) / 90 minutes + 30 seconds per move from move one (Round 5 - 8)"]
[WhiteFideId "1761013"]
[BlackFideId "1755463"]
[WhiteElo "1896"]
[BlackElo "1604"]

1. e4 e6 2. d4 d6 3. Nf3 g6 4. Be3 a6 5. Nc3 Bg7 6.
Qd2 h6 7. Bd3 Ne7 8. O-O Qd7 9. Rad1 b6 10. Rfe1 Bb7 11. Ne2 g5 12. h3 Nbc6 13. d5 Na7 14. c4 O-O-O 15. b4 Kb8 16.
Nc3 Rhg8 17. Bc2 g4 18. hxg4 Bxc3 19. Qxc3 exd5 20. g5 dxe4 21. Nd2 f5 22. gxh6 f4 23. Bxf4 e3 24. Ne4 Qg4 25.
g3 Qxf4 26. Qxe3 Qg4 27. Nf6 Qh3 28. Be4 Nf5 29. Qf3 Nxg3 30. Nxg8 Rxg8 31. Qg2 Ne2+ 32. Rxe2 Rxg2+ 33. Kf1 Qh1# 34. h7 0-1

[Event "The Schackveckan 2023: Göteborg open"]
[Site "Göteborgs schackcentrum, Vegagatan 20, Gothenburg, Sweden"]
[Date "2023.08.11"]
[Round "4.9"]
[White "Johansson, William"]
[Black "Degerfeldt, Sven"]
[Result "0-1"]
[TimeControl "15 minutes + 5 seconds per move from move one (Round 1 - 4) / 90 minutes + 30 seconds per move from move one (Round 5 - 8)"]
[WhiteFideId "1744070"]
[BlackFideId "1717430"]
[WhiteElo "2052"]
[BlackElo "1821"]

1. e4 c5 2. c3 d5 3. exd5 Qxd5 4. d4 Nf6 5. Nf3 Nc6 6. Nbd2 cxd4 7. Bc4 Qd6 8. cxd4 e6 9. Qa4 Bd7 10.
Bb5 a6 11. Nc4 Qc7 12. O-O Rc8 13. Bxc6 Bxc6 14. Qa5 Bxf3 15. gxf3 Qxc4 16. Bf4 Qb5 17. Qd2 Be7 18. a4 Qd5 19.
Rac1 O-O 20. Qe3 Rfd8 21. Kh1 Bd6 22. Bg5 Qf5 0-1

[Event "The Schackveckan 2023: Göteborg open"]
[Site "Göteborgs schackcentrum, Vegagatan 20, Gothenburg, Sweden"]
[Date "2023.08.11"]
[Round "4.10"]
[White "Ottgard, Andreas"]
[Black "Pintaric, Felix"]
[Result "1-0"]
[TimeControl "15 minutes + 5 seconds per move from move one (Round 1 - 4) / 90 minutes + 30 seconds per move from move one (Round 5 - 8)"]
[WhiteFideId "1730592"]
[BlackFideId "1776096"]
[WhiteElo "1874"]
[BlackElo "1483"]

1. c4 e5 2. g3 c6 3. d4 exd4 4. Qxd4 Nf6 5. Bg2 Be7 6. Nc3 O-O 7. e4 d6 8. Bf4 Be6 9. Rd1 Na6 10.
b3 Qa5 11. Nge2 Rfd8 12. O-O Nh5 13. Be3 Bf6 14. Qd2 Nc7 15. h3 Rac8 16. g4 Bxc3 17. Qxc3 Qxc3 18. Nxc3 Nf6 19. Bxa7 h6 20. Bb6 Rd7 21. f4 Na8 22.
Bf2 b5 23. f5 Bxc4 24. bxc4 bxc4 25.
Bg3 Ne8 26. Rd4 Nb6 27. Rfd1 Rcd8 28. Bf1 d5 29. exd5 cxd5 30. Bg2 Rc8 31. Bxd5 1-0

[Event "The Schackveckan 2023: Göteborg open"]
[Site "Göteborgs schackcentrum, Vegagatan 20, Gothenburg, Sweden"]
[Date "2023.08.11"]
[Round "4.11"]
[White "Mohammed, Safian Haj"]
[Black "Lindholm, Marcus"]
[Result "0-1"]
[TimeControl "15 minutes + 5 seconds per move from move one (Round 1 - 4) / 90 minutes + 30 seconds per move from move one (Round 5 - 8)"]
[WhiteFideId "1729276"]
[BlackFideId "1743473"]
[WhiteElo "1862"]
[BlackElo "1708"]

1. e4 c5 2. Nf3 Nc6 3. d4 cxd4 4.
Nxd4 Nf6 5. Nc3 e5 6. Ndb5 d6 7. Bg5 a6 8. Na3 b5 9.
Bxf6 gxf6 10. Nd5 Be7 11. c3 f5 12. Bd3 f4 13. Qh5 Be6 14. Nc2 Kd7 15. Ncb4 Nxb4 16. Nxb4 Qc7 17. a4 Qc5 18.
Rd1 Rhg8 19. Nxa6 Rxa6 20. Bxb5+ Rc6 21. Rd5 Bxd5 22. exd5 Qxd5 23. Qh3+ Kc7 24. Bxc6 Qxc6 25. O-O f3 26.
g3 Qxa4 27. Qxh7 Qg4 28. Qxf7 Qh3 29. Qxf3 Rh8 30. Qg2 Qxg2+ 31. Kxg2 Rb8 32. b4 e4 33. Re1 d5 34. f3 Bf6 35.
Re3 Re8 36. fxe4 dxe4 37. g4 Kc6 38. Kg3 Kb5 39. Kf4 Be5+ 0-1

[Event "The Schackveckan 2023: Göteborg open"]
[Site "Göteborgs schackcentrum, Vegagatan 20, Gothenburg, Sweden"]
[Date "2023.08.11"]
[Round "4.12"]
[White "Johansson, Jan"]
[Black "Wengholm, Anders"]
[Result "0-1"]
[TimeControl "15 minutes + 5 seconds per move from move one (Round 1 - 4) / 90 minutes + 30 seconds per move from move one (Round 5 - 8)"]
[WhiteFideId "1747568"]
[BlackFideId "1704818"]
[WhiteElo "1694"]
[BlackElo "2155"]

1. d4 d6 2. Bf4 g6 3. Nc3 Bg7 4. Qd2 Nc6 5. d5 Ne5 6. e4 c5 7. h3 a6 8. Be3 b5 9. f4 Nd7 10.
Nf3 Qc7 11. Be2 Ngf6 12. e5 Nh5 13. O-O-O Ng3 14. Rhe1 b4 15. Na4 O-O 16. Bf2 Ne4 17. Qe3 Nxf2 18. Qxf2 Qa5 19. b3 Nb6 20.
Nxb6 Qxb6 21. g4 a5 22. Bd3 a4 23. f5 axb3 24. axb3 Ba6 25. Kd2 Bxd3 26. Kxd3 Ra2 27. Qe3 Rc8 28.
Ra1 Qa6+ 0-1